 Seeded DCSS version 0.30-a0-1043-g60ff8d5f49 (webtiles) character file.

Game seed: 15495710155237159906 (custom seed)

2275 Maken the Cleaver (level 9, -10/83 HPs)
             Began as a Hill Orc Monk on Apr 11, 2023.
             Mangled by Duvessa
             ... wielding a +0 rapier
              (16 damage)
             ... on level 5 of the Dungeon.
             The game lasted 00:19:10 (5178 turns).

Maken the Cleaver (Hill Orc Monk)                   Turns: 5178, Time: 00:19:11

Health: -10/83     AC:  8    Str: 18    XL:     9   Next: 39%
Magic:  9/9        EV: 15    Int:  6    God:
Gold:   215        SH:  7    Dex: 21    Spells: 8/8 levels left

rFire   . . .      SeeInvis .    a - +0 hand axe
rCold   + + .      Faith    .    g - +3 buckler "Beugiell" {Harm rC++ Int-4 Dex+3}
rNeg    . . .      Spirit   .    s - +0 ring mail
rPois   .          Reflect  .    (no helmet)
rElec   .          Rampage  .    (no cloak)
rCorr   .          Harm     + .  p - +0 pair of gloves of the Gastropod {Dex+5}
Will    .....                    (no boots)
Stlth   +++                      (no amulet)
HPRegen 0.33/turn                (no ring)
MPRegen 0.11/turn                (no ring)

@: attractive
A: no striking features
a: no special abilities


You were on level 5 of the Dungeon.
You visited 1 branch of the dungeon, and saw 6 of its levels.
You also visited: Ossuary.

You collected 215 gold pieces.

Inventory:

Hand Weapons
 a - a +0 hand axe (weapon)
Missiles
 t - 2 javelins (quivered)
Armour
 b - a +0 robe
 f - a +0 pair of boots
 g - the +3 buckler "Beugiell" (worn) {Harm rC++ Int-4 Dex+3}
   (You found it on level 6 of the Dungeon)

   Int:       It affects your intelligence (-4).
   Dex:       It affects your dexterity (+3).
   rC:        It greatly protects you from cold.
   Harm:      It increases damage dealt and taken.
 p - the +0 pair of gloves of the Gastropod (worn) {Dex+5}
   (You found it on level 4 of the Dungeon)

   Dex:       It affects your dexterity (+5).
 q - a +0 leather armour
 s - a +0 ring mail (worn)
Scrolls
 h - a scroll of vulnerability
 i - 2 scrolls of immolation {unknown}
 k - 2 scrolls of identify {unknown}
 l - a scroll of fog {unknown}
 n - a scroll of fear {unknown}
 x - a scroll of teleportation
Potions
 c - 2 potions of ambrosia
 d - a potion of might {unknown}
 j - a potion of attraction
 m - a potion of curing
 o - a potion of brilliance {unknown}
 u - a potion of lignification {unknown}
 w - a potion of flight {unknown}


   Skills:
 + Level 9.2 Fighting
 + Level 12.7 Axes
 + Level 9.0 Armour
 + Level 7.4 Dodging
 - Level 5.1 Stealth


You had 8 spell levels left.
You didn't know any spells.
Your spell library contained the following spells:

 Spells                   Type           Power      Damage    Failure   Level
 Apportation              Tloc           0%         N/A       73%         1
 Foxfire                  Conj/Fire      0%         2x1d4     73%         1
 Kiss of Death            Conj/Necr      0%         2d5       73%         1
 Necrotise                Necr           0%         1d4       73%         1
 Shock                    Conj/Air       0%         1d3       73%         1
 Cigotuvi's Dreadful Rot  Necr/Pois/Air  0%         N/A       86%         2
 Confusing Touch          Hex            0%         N/A       97%         3
 Ignite Poison            Fire/Tmut/Pois 0%         N/A       97%         3
 Swiftness                Air            0%         N/A       97%         3
 Airstrike                Air            0%         2d(0-16)  100%        4
 Cause Fear               Hex            0%         N/A       100%        4
 Dispel Undead            Necr           0%         3d6       100%        4
 Freezing Cloud           Conj/Ice/Air   0%         6-21      100%        5
 Dragon Form              Tmut           0%         N/A       100%        7
 Dragon's Call            Summ           0%         N/A       100%        9


Dungeon Overview and Level Annotations

Branches:
Dungeon (6/15)             Temple (0/1) D:5         Ossuary (visited)

Altars:
Yredelemnul

Shops:
D:1 [   D:2 !

Annotations:
D:3 Sigmund
D:4 4 runed translucent doors, Grinder; LobsterGuardian's ghost, amateur HuNe; Zvl3's ghost, amateur HOFi
D:5 Duvessa; Pikel


Message History

Duvessa is heavily wounded.
Duvessa barely misses you.
You hit Duvessa but do no damage.
Duvessa is heavily wounded.
Duvessa barely misses you. Duvessa hits you with a +0 rapier.
You hit Duvessa.
Duvessa is severely wounded.
You block Duvessa's attack.
You hit Duvessa.
Duvessa is severely wounded.
Duvessa hits you with a +0 rapier.
You hit Duvessa but do no damage.
Duvessa is severely wounded.
Duvessa hits you with a +0 rapier!
You hit Duvessa.
Duvessa is severely wounded.
Duvessa hits you with a +0 rapier!!
You slash Duvessa!
Duvessa is almost dead.
You block Duvessa's attack.
You hit Duvessa but do no damage.
Duvessa is almost dead.
Duvessa barely misses you.
You hit Duvessa but do no damage.
Duvessa is almost dead.
You block Duvessa's attack.
You hit Duvessa but do no damage.
Duvessa is almost dead.
You block Duvessa's attack.
You closely miss Duvessa.
Duvessa is almost dead.
Duvessa misses you.
You barely miss Duvessa.
Duvessa is almost dead.
Duvessa hits you with a +0 rapier!!
* * * LOW HITPOINT WARNING * * *
You closely miss Duvessa.
Duvessa is almost dead.
You block Duvessa's attack. Duvessa hits you with a +0 rapier!
You die...

..#.......<...# .....##.......#
######### ....###.......#
#.......# ..####........#
#######....... ### #........##
#.....####.... # ##........##
####.#......###.. #
##..........###....#.####...##.
#.........#.oe#.####....### ##
##..).§e...####@.# #..#...## .#
#.........## ###..###.#....##.#
#.........# ##..#.##....#..
##.........# ##..##...##.
#..........# ##..##...#.
#..........## ##..###.#.
##..........# ##.....#.
#...........# ####....
............# #####


You could see Duvessa (berserk) and an orc.

Vanquished Creatures
  A black bear (D:6)
  An ogre (D:5)
  2 lemures (D:5)
  4 scorpions
  Dowan (D:5)
  A howler monkey (D:4)
  3 hounds (D:5)
  2 iguanas
  An orc wizard (D:6)
  A mummy (Ossuary)
  4 adders
  A shadow imp (D:6)
  An ufetubus (D:4)
  A worm (D:4)
  A dart slug (D:3)
  12 orcs
  3 ball pythons
  7 endoplasms
  3 hobgoblins
  6 jackals
  2 quokkas
  2 bats (D:2)
  9 frilled lizards
  4 gnoll skeletons (Ossuary)
  6 goblins
  9 kobolds
  12 kobold skeletons (Ossuary)
  9 orc skeletons (Ossuary)
  An orc zombie (D:5)
  5 rats
  A rat zombie (D:5)
116 creatures vanquished.

Notes
Turn   | Place    | Note
-------+----------+-------------------------------------------
     0 | D:1      | Maken the Hill Orc Monk began the quest for the Orb.
     0 | D:1      | Reached XP level 1. HP: 19/19 MP: 1/1
   248 | D:1      | Got The Basics of Willworking
   311 | D:1      | Reached XP level 2. HP: 27/27 MP: 2/2
   313 | D:1      | Noticed a shining eye
   315 | D:1      | Found a faded altar of an unknown god.
   317 | D:1      | Noticed a great orb of eyes
   323 | D:1      | Noticed a shining eye
   323 | D:1      | Noticed a floating eye
   378 | D:1      | Found Qineg's Antique Armour Emporium.
   739 | D:2      | Found Dotipoar's Distillery.
   815 | D:2      | Reached XP level 3. HP: 30/33 MP: 3/3
  1706 | D:3      | Noticed Sigmund
  1772 | D:4      | Reached skill level 1 in Armour
  1863 | D:4      | Identified the +0 pair of gloves of the Gastropod {Dex+5}
  2097 | D:4      | Reached XP level 4. HP: 40/40 MP: 4/4
  2306 | D:4      | Noticed a scorpion
  2333 | D:4      | Killed a scorpion
  2334 | D:4      | Reached skill level 5 in Axes
  2334 | D:4      | Reached XP level 5. HP: 26/47 MP: 5/5
  2699 | D:4      | Found a runed translucent door.
  2702 | D:4      | Noticed Zvl3's ghost (amateur HOFi)
  2737 | D:4      | Found a runed translucent gate.
  2737 | D:4      | Found a runed translucent gate.
  2737 | D:4      | Found a runed translucent gate.
  2737 | D:4      | Noticed LobsterGuardian's ghost (amateur HuNe)
  2737 | D:4      | Noticed Grinder
  2739 | D:4      | Found a basalt altar of Yredelemnul.
  2768 | D:5      | Entered Level 5 of the Dungeon
  2847 | D:5      | Found a sand-covered staircase.
  2864 | Ossuary  | Entered an ossuary
  2864 | Ossuary  | Noticed a wraith
  2864 | Ossuary  | Noticed a wraith
  2864 | Ossuary  | Noticed a wraith
  3159 | Ossuary  | Noticed a wraith
  3384 | D:5      | Noticed Duvessa
  3400 | D:5      | Noticed an ogre
  3412 | D:5      | Killed an ogre
  3413 | D:5      | Reached skill level 5 in Fighting
  3413 | D:5      | Reached XP level 6. HP: 31/56 MP: 6/6
  3996 | D:5      | Reached skill level 6 in Axes
  3996 | D:5      | Reached XP level 7. HP: 48/61 MP: 7/7
  4101 | D:6      | Reached skill level 10 in Axes
  4101 | D:6      | Reached skill level 5 in Stealth
  4101 | D:6      | Reached XP level 8. HP: 18/74 MP: 8/8
  4106 | D:5      | Reached skill level 12 in Axes
  4106 | D:5      | Reached XP level 9. HP: 21/83 MP: 9/9
  4477 | D:6      | Identified the +3 buckler "Beugiell" {Harm rC++ Int-4
                  | Dex+3}
  4797 | D:5      | Found a staircase to the Ecumenical Temple.
  4805 | D:5      | Noticed Pikel
  5142 | D:5      | Noticed Dowan
  5154 | D:5      | Killed Dowan
  5178 | D:5      | Mangled by Duvessa

Illustrated notes

Levels and vault maps discovered:
D:1:      amcnicky_arrival_wind_blow, layout_loops_ring, serial_shops, shop,
          hellmonk_ecumenical_altar_watching_god, minmay_misc_feat_roman
D:2:      layout_loops_cross, serial_shops, shop, minmay_lizard_pond
D:3:      layout_basic, mainiacjoe_overflow_catwalk, uniq_sigmund
D:4:      layout_rooms, nicolae_yredelemnul_ghost_church, ebering_ghost_sewer_d,
          uniq_grinder
D:5:      minmay_evil_eye, layout_cave_pods, temple_pool_b, enter_ossuary_3,
          uniq_blork_the_orc, uniq_eustachio, uniq_pikel, uniq_duvessa
D:6:      minmay_goblin_kobold_castle, layout_basic, uniq_edmund,
          uniq_crazy_yiuf_cottage

Skill      XL: |  1  2  3  4  5  6  7  8  9 |
---------------+----------------------------+-----
Fighting       | 4 5 7 9 |  9.2
Armour         | 1 2 3 7 8 9 |  9.0
Stealth        | 2 3 5 |  5.1
Axes           | 5 6 10 12 | 12.7
Dodging        | 3 6 7 |  7.4

Action                     |  1- 3 |  4- 6 |  7- 9 || total
---------------------------+-------+-------+-------++-------
  Melee: Hand axe          |   118 |   200 |   165 ||   483
         Punch             |       |     2 |     1 ||     3
  Throw: Javelin           |       |     5 |     4 ||     9
    Use: Potion            |       |     3 |     7 ||    10
         Scroll            |       |     4 |     2 ||     6
   Stab: Sleeping          |     6 |     1 |       ||     7
         Distracted        |     1 |       |       ||     1
 Armour: Robe              |    15 |       |       ||    15
         Leather armour    |     2 |       |       ||     2
         Ring mail         |       |    75 |    42 ||   117
  Dodge: Dodged            |    56 |   145 |   115 ||   316
  Block: Buckler           |       |       |    29 ||    29

Table legend: (Time is in decaauts)
 A = Elapsed time spent in this place.
 B = Non-inter-level travel time spent in this place.
 C = Inter-level travel time spent in this place.
 D = Time resting spent in this place.
 E = Time spent auto-exploring this place.
 F = Levels seen in this place.
 G = Mean time per level.
                   A        B        C        D        E       F      G
               +--------+--------+--------+--------+--------+-----+--------+
         Total |   5149 |   4991 |    158 |    780 |   2373 |   7 |  735.6 |
       Dungeon |   4809 |   4651 |    158 |    706 |   2371 |   6 |  801.5 |
       Ossuary |    340 |    340 |      0 |     74 |      2 |   1 |  340.0 |
               +--------+--------+--------+--------+--------+-----+--------+

Top non-repeatable levels by time:
     D:5: 1448 daAuts
     D:4: 1135 daAuts
     D:2: 815 daAuts
     D:1: 728 daAuts
     D:6: 475 daAuts
 Ossuary: 340 daAuts
     D:3: 204 daAuts
